 Dungeon Crawl Stone Soup version 0.25.0-9-g26727b657a (webtiles) character file.

Game seed: 223079450817215534

112 Masnef the Chiller (level 5, -15/36 HPs)
             Began as a Human Ice Elementalist on June 20, 2020.
             Engulfed by a cloud of flame (25 damage)
             ... on level 3 of the Dungeon.
             The game lasted 00:19:11 (3836 turns).

Masnef the Chiller (Human Ice Elementalist)         Turns: 3836, Time: 00:19:12

Health: -15/36     AC:  3    Str:  9    XL:     5   Next: 16%
Magic:  8/8        EV: 12    Int: 16    God:
Gold:   116        SH:  0    Dex: 13    Spells: 4/8 levels left

rFire    . . .     SeeInvis .   b - +0 dagger (speed)
rCold    . . .     Gourm    .   (no shield)
rNeg     . . .     Faith    .   a - +0 robe
rPois    .         Spirit   .   (no helmet)
rElec    .         Reflect  .   (no cloak)
rCorr    .         Harm     .   g - +0 pair of gloves
MR       .....                  (no boots)
Stlth    ++........             (no amulet)
HPRegen  0.12/turn              (no ring)
MPRegen  0.11/turn              (no ring)

@: no status effects
A: no striking features
a: no special abilities


You were on level 3 of the Dungeon.
You were not hungry.

You visited 1 branch of the dungeon, and saw 3 of its levels.

You collected 116 gold pieces.

Inventory:

Hand Weapons
 b - a +0 dagger of speed (weapon)
 h - a +0 short sword
 r - a +0 bardiche
Missiles
 m - 30 poisoned darts (quivered)
Armour
 a - a +0 robe (worn)
 g - a +0 pair of gloves (worn)
 n - a cursed +0 buckler
Jewellery
 e - a cursed ring of attention {unknown}
 f - a cursed ring of teleportation {unknown}
 i - a +4 ring of slaying {unknown}
Wands
 s - a wand of enslavement (11)
Scrolls
 k - 2 scrolls of remove curse
 p - a scroll of enchant weapon {unknown}
 t - a scroll of blinking {unknown}
Potions
 d - a potion of might {unknown}
 j - a potion of heal wounds {unknown}
 l - a potion of curing {unknown}
 q - a potion of brilliance {unknown}
Comestibles
 c - 4 rations
 o - 2 chunks of flesh


   Skills:
 + Level 0.5 Fighting
 * Level 1.9 Short Blades
 - Level 2.0 Dodging
 * Level 2.9 Stealth
 - Level 2.0 Spellcasting
 + Level 5.1 Ice Magic


You had 4 spell levels left.
You knew the following spells:

 Your Spells              Type           Power        Failure   Level  Hunger
a - Freeze                Ice            ###.         2%          1    #......
b - Frozen Ramparts       Ice            ###...       8%          3    ###....

Your spell library contained the following spells:

 Spells                   Type           Power        Failure   Level  Hunger
 Ozocubu's Armour         Chrm/Ice       #.......     22%         3    ###....
 Hailstorm                Conj/Ice       #.......     56%         4    #####..
 Summon Ice Beast         Ice/Summ       #.......     56%         4    #####..


Dungeon Overview and Level Annotations

Branches:
Dungeon (3/15)

Altars:
Uskayaw
Vehumet

Annotations:
D:2 1 runed translucent door, Crazy Yiuf


Message History

Things that are here:
a +0 dagger; a +0 ring mail; the goblin skeleton of Ijyb
Things that are here:
a +0 dagger; a +0 ring mail; the goblin skeleton of Ijyb You open the door.
Found a radiant altar of Vehumet.
There is an open door here.
t - a scroll labeled XEIDDA FYGHIO Really walk into a travel-excluded area?
Uppercase [Y]es or [N]o only, please.
Really walk into a travel-excluded area?
You are engulfed in blazing flames.
Ouch! That really hurt!
* * * LOW HITPOINT WARNING * * *
Some of the chunks of flesh in your inventory have rotted away.
There is a radiant altar of Vehumet here.
You start resting.
You are engulfed in blazing flames.
Ouch! That really hurt!
You die...

.....#..... #######.....
............
.........#.# .
.........#.#
..##########.........#.#
......☼....+............
#...☼.☼..#........#..#
#....@☼...#########..#
#...°☼....# #......#
#..°......#####......#
#.........+...'.....>#
#.........#####......#
#.........# #......#
#.........# #......#
#######'### #......# #.#
##.......


There were no monsters in sight!

Vanquished Creatures
  Ijyb (D:3)
  3 adders
  A dart slug (D:2)
  A leopard gecko (D:2)
  An orc (D:2)
  7 bats
  A giant cockroach (D:1)
  6 hobgoblins
  6 jackals
  8 kobolds
  A quokka (D:2)
  A ball python (D:2)
  3 frilled lizards
  6 goblins
  7 rats
53 creatures vanquished.

Notes
Turn   | Place    | Note
-------+----------+-------------------------------------------
     0 | D:1      | Masnef the Human Ice Elementalist began the quest for the
                  | Orb.
     0 | D:1      | Reached XP level 1. HP: 13/13 MP: 3/3
   436 | D:1      | Reached XP level 2. HP: 19/19 MP: 3/5
   571 | D:1      | You fall into a shaft and drop 1 floor!
   965 | D:1      | Reached XP level 3. HP: 24/24 MP: 0/6
  1529 | D:2      | Reached skill level 1 in Short Blades
  1692 | D:2      | Reached XP level 4. HP: 30/30 MP: 5/7
  2398 | D:2      | Found a runed translucent door.
  2399 | D:2      | Noticed Crazy Yiuf
  3229 | D:3      | Reached skill level 5 in Ice Magic
  3530 | D:3      | Found a hide-covered altar of Uskayaw.
  3679 | D:3      | Learned a level 3 spell: Frozen Ramparts
  3715 | D:3      | Noticed Ijyb
  3719 | D:3      | Killed Ijyb
  3719 | D:3      | Reached XP level 5. HP: 30/36 MP: 5/8
  3801 | D:3      | Found a radiant altar of Vehumet.
  3836 | D:3      | Engulfed by a cloud of flame

Illustrated notes

Levels and vault maps discovered:
D:1:      ncdulo_wetmaze, layout_basic
D:2:      layout_loops_ring, uniq_crazy_yiuf_cottage
D:3:      layout_basic, fiery_altar_vehumet, lemuel_crystal_altar,
          roderic_lattice_a, uniq_ijyb

Skill      XL: |  1  2  3  4 |
---------------+-------------+-----
Short Blades   | 1 |  1.9
Ice Magic      | 5 |  5.1
Fighting       | |  0.5
Dodging        | |  2.0
Stealth        | |  2.9
Spellcasting   | |  2.0

Action                   |  1- 3 |  4- 6 || total
-------------------------+-------+-------++-------
Melee: Dagger            |    29 |    24 ||    53
       Unarmed           |     1 |       ||     1
 Cast: Freeze            |    51 |    31 ||    82
  Use: Scroll            |       |     1 ||     1
 Stab: Sleeping          |       |     4 ||     4
  Eat: Chunk             |     3 |     7 ||    10
Armor: Robe              |     7 |     6 ||    13
Dodge: Dodged            |    34 |    17 ||    51
